 Dungeon Crawl Stone Soup version 0.24-a0-309-g1095bca (webtiles) character file.

Game seed: 792217122715242699

345 Inarius the Bolt Thrower (level 6, -9/37 HPs)
             Began as a Kobold Hunter on May 14, 2019.
             Was a Follower of Okawaru.
             Splashed by Ijyb's acid (10 damage)
             ... on level 3 of the Dungeon.
             The game lasted 00:07:04 (3489 turns).

Inarius the Bolt Thrower (Kobold Hunter)            Turns: 3489, Time: 00:07:05

Health: -9/37      AC: -2    Str:  9    XL:     6   Next: 90%
Magic:  6/6        EV: 14    Int: 13    God:    Okawaru [*.....]
Gold:   116        SH:  0    Dex: 17    Spells: 5/5 levels left

rFire    . . .     SeeInvis .   a - +1 hand crossbow
rCold    . . .     Gourm    .   (shield restricted)
rNeg     . . .     Faith    .   l - +0 ring mail
rPois    .         Spirit   .   (no helmet)
rElec    .         Reflect  .   (no cloak)
rCorr    .         Harm     .   (no gloves)
MR       .....                  (no boots)
Stlth    +.........             (no amulet)
HPRegen  0.12/turn              (no ring)
MPRegen  0.10/turn              (no ring)

@: corroded
A: small, carnivore
a: Heroism, Renounce Religion


You were on level 3 of the Dungeon.
You worshipped Okawaru.
Okawaru was aware of your devotion.
You were completely stuffed.

You visited 1 branch of the dungeon, and saw 3 of its levels.

You collected 116 gold pieces.

Inventory:

Hand Weapons
 a - a +1 hand crossbow (weapon)
 b - a +0 short sword
Missiles
 d - 14 bolts (quivered)
Armour
 e - a +0 leather armour of fire resistance
 l - a +0 ring mail (worn)
Wands
 c - a wand of digging (2)
Scrolls
 h - 3 scrolls of identify
 i - 3 scrolls of teleportation
 k - 2 scrolls of remove curse {unknown}
 n - a scroll of fog {unknown}
Potions
 g - a potion of curing {unknown}
 j - a potion of flight {unknown}
 m - a potion of degeneration {unknown}
 p - a potion of haste {unknown}
Comestibles
 f - 7 rations


   Skills:
 + Level 3.4 Fighting
 + Level 3.9 Short Blades
 * Level 6.3 Crossbows
 + Level 1.6 Armour
 + Level 4.0 Dodging
 + Level 1.7 Stealth


You had 5 spell levels left.
You didn't know any spells.
Your spell library was empty.

Dungeon Overview and Level Annotations

Branches:
Dungeon (3/15)

Altars:
Fedhas
Okawaru
Trog
Zin

Annotations:
D:3 Ijyb


Innate Abilities, Weirdness & Mutations

You are small and have problems with some larger weapons.
You are carnivorous and can eat meat at any time.


Message History

Firing (i - inventory)
d - 16 bolts (quivered)
Press: ? - help, Shift-Dir - straight line, f/p - Ijyb
Aim: Ijyb, wearing a +0 ring mail and carrying a wand of acid (8) (lightly wounded)
You shoot a bolt. The bolt closely misses Ijyb.
Firing (i - inventory)
d - 15 bolts (quivered)
Press: ? - help, Shift-Dir - straight line, f/p - Ijyb
Aim: Ijyb, wearing a +0 ring mail and carrying a wand of acid (8) (lightly wounded)
You shoot a bolt. The bolt hits Ijyb.
Ijyb is moderately wounded.
Ijyb zaps a wand.
The bolt of acid hits you! The acid corrodes you!
You are splashed with acid.
You are too injured to fight recklessly!
You are too injured to fight recklessly!
As you read the scroll labeled NUHOHO AGRYTEU, it crumbles to dust.
It is a scroll of identify.
i - 3 scrolls of teleportation Ijyb zaps a wand.
The bolt of acid hits you!
* * * LOW HITPOINT WARNING * * *
The acid corrodes you!
You are splashed with acid!
You die...

##.### # ≈≈..≈ .#.≈..≈.##
#.#.≈_≈≈(# ##.#.≈ .r(#
###...≈≈ ≈.# #......## #.#
#.......###g#######
#..........@.......
#.......########### #......##
#.#....# ####.# #.# #.#
######.######## .#
............)..##############


You could see Ijyb and a rat.

Vanquished Creatures
  Sigmund (D:2)
  Terence (D:2)
  An orc wizard (D:3)
  5 adders
  3 worms
  3 dart slugs
  A leopard gecko (D:2)
  4 orcs (D:3)
  7 bats
  2 giant cockroaches
  5 goblins
  5 hobgoblins
  14 jackals
  2 kobolds (D:2)
  A quokka (D:2)
  4 frilled lizards
  9 rats
68 creatures vanquished.

Notes
Turn   | Place    | Note
-------+----------+-------------------------------------------
     0 | D:1      | Inarius the Kobold Hunter began the quest for the Orb.
     0 | D:1      | Reached XP level 1. HP: 12/12 MP: 1/1
    56 | D:1      | Reached skill level 5 in Crossbows
   128 | D:1      | Reached XP level 2. HP: 17/17 MP: 2/2
   689 | D:1      | Reached XP level 3. HP: 22/22 MP: 3/3
  1250 | D:2      | Found an iron altar of Okawaru.
  1263 | D:2      | Became a worshipper of Warmaster Okawaru
  1294 | D:2      | Noticed Terence
  1392 | D:2      | Reached skill level 1 in Short Blades
  1396 | D:2      | Reached XP level 4. HP: 21/27 MP: 4/4
  1833 | D:2      | Found a glowing silver altar of Zin.
  2302 | D:2      | Noticed a moth of wrath
  2303 | D:2      | Noticed Sigmund
  2613 | D:2      | Killed Terence
  2613 | D:2      | Reached skill level 1 in Armour
  2613 | D:2      | Reached XP level 5. HP: 30/31 MP: 5/5
  2741 | D:2      | Killed Sigmund
  2741 | D:2      | Reached * piety under Okawaru
  2741 | D:2      | Reached skill level 6 in Crossbows
  2741 | D:2      | Reached XP level 6. HP: 34/37 MP: 6/6
  2768 | D:2      | Found a bloodstained altar of Trog.
  3481 | D:3      | Found a blossoming altar of Fedhas.
  3481 | D:3      | Noticed Ijyb
  3489 | D:3      | HP: 1/37 [Ijyb/bolt of acid (15)]
  3489 | D:3      | Splashed by Ijyb's acid

Levels and vault maps discovered:
D:1:      lightli_arrival_noodles, layout_loops_ring, minmay_tromino_v2
D:2:      layout_loops_cross, lemuel_round_altar, old_standard_altar, tgw_trog,
          first_ration, st_stairs_9, kennysheep_generic_room_14, uniq_sigmund,
          uniq_terence
D:3:      layout_loops_ring, fedhas_altar_2, minmay_misc_feat_iff, uniq_ijyb,
          uniq_grinder, uniq_robin

Skill      XL: |  1  2  3  4  5  6 |
---------------+-------------------+-----
Crossbows      | 5 6 |  6.3
Short Blades   | 1 2 3 |  3.9
Dodging        | 3 4 |  4.0
Armour         | 1 |  1.6
Fighting       | 3 |  3.4
Stealth        | |  1.7

Action                   |  1- 3 |  4- 6 || total
-------------------------+-------+-------++-------
Melee: Short sword       |   136 |   214 ||   350
 Fire: Hand crossbow     |       |    27 ||    27
  Use: Potion            |       |     1 ||     1
       Scroll            |       |     1 ||     1
 Stab: Sleeping          |     3 |       ||     3
  Eat: Chunk             |    10 |     7 ||    17
Armor: Leather armour    |    36 |     3 ||    39
       Ring mail         |       |    67 ||    67
Dodge: Dodged            |   108 |   170 ||   278

Table legend:
 A = Non-vault XP
 B = Vault XP
 C = Vault XP percentage of total XP
 D = Non-vault monster count
 E = Vault monster count
 F = Vault count percentage of total count
                 A         B        C        D         E       F
            +---------+---------+-------+---------+---------+-------
      Total |     207 |     287 |  58.1 |      56 |      12 |  17.6
            +---------+---------+-------+---------+---------+-------
        D:1 |      46 |       2 |   4.2 |      24 |       1 |   4.0
        D:2 |      67 |     285 |  81.0 |      18 |      11 |  37.9
        D:3 |      94 |       0 |   0.0 |      14 |       0 |   0.0
            +---------+---------+-------+---------+---------+-------
